 Dungeon Sprint DCSS version 0.26-a0-660-gc07710193c (webtiles) character file.

Game seed: 8397674506624015689

3920 sahdkjhfkaj the Martial Artist (level 10, -19/77 HPs)
             Began as an Octopode Transmuter on Oct 7, 2020.
             Was an Initiate of Gozag.
             Demolished by an orc knight
             ... wielding a +3 great mace
              (38 damage)
             ... in the Dungeon (Sprint III: "The Ten Rune Challenge").
             The game lasted 00:04:49 (2134 turns).

sahdkjhfkaj the Martial Artist (OpTm)               Turns: 2134, Time: 00:04:53

Health: -19/77     AC:  1    Str: 12    XL:     10   Next: 20%
Magic:  8/13       EV: 23    Int: 16    God:    Gozag
Gold:   61         SH:  0    Dex: 19    Spells: 7/13 levels left

rFire    . . .     SeeInvis .     - Unarmed
rCold    . . .     Faith    .   (shield currently unavailable)
rNeg     + + .     Spirit   .   (helmet restricted)
rPois    .         Reflect  .   (no amulet)
rElec    .         Harm     .   n - ring "Visakupt" {rN++ Dex+6}
rCorr    .         Rampage  .   (no ring)
MR       .....     NoTele   +   (no ring)
Stlth    +++.......             (no ring)
HPRegen  0.22/turn              (no ring)
MPRegen  0.13/turn              (no ring)
                                (no ring)
                                (no ring)

@: blade tentacles
A: almost no armour, stealthy swim, amphibious, 8 rings, constrict 8, camouflage
1, gelatinous body 1
a: End Transformation, Potion Petition, Call Merchant, Bribe Branch, Renounce
Religion


You were in the Dungeon.
You worshipped Gozag.
Gozag was noncommittal.
You had blades for tentacles.
You visited 1 branch You collected 818 gold pieces.
You spent 150 gold pieces at shops.
You paid 607 gold pieces to Gozag.

Inventory:

Jewellery
 n - the ring "Visakupt" (left scythe-like blade) {rN++ Dex+6}
   (You bought it in a shop in the Dungeon)

   [ring of dexterity]

   It affects your dexterity (+6).
   It greatly protects you from negative energy.
Wands
 m - a wand of iceblast (5)
Scrolls
 g - a scroll of blinking
 i - a scroll of fog
 j - a scroll of immolation
Potions
 a - 3 potions of mutation
 b - 2 potions of curing
 d - a potion of haste
 e - 2 potions of magic
 f - a potion of berserk rage
 h - a potion of might
 k - 4 potions of flight
Miscellaneous
 l - a condenser vane (2/2)


   Skills:
 + Level 10.6 Fighting
 + Level 11.3 Dodging
 + Level 13.0 Unarmed Combat
 - Level 2.0 Spellcasting
 - Level 12.2 Transmutations


You had 7 spell levels left.
You knew the following spells:

 Your Spells              Type           Power        Failure   Level
a - Beastly Appendage     Tmut           #####.       8%          1
A - Blade Hands           Tmut           #####.....   28%         5

Your spell library contained the following spells:

 Spells                   Type           Power        Failure   Level
 Wereblood                Tmut           #####...     9%          2
 Spider Form              Tmut/Pois      ###.......   32%         3
 Ice Form                 Ice/Tmut       ###.....     58%         4
 Animate Skeleton         Necr           #.....       63%         1
 Apportation              Tloc           #.....       63%         1
 Corona                   Hex            #......      63%         1
 Summon Small Mammal      Summ           #...         63%         1


Dungeon Overview and Level Annotations

Branches:
Dungeon (1/1)

Altars:
Cheibriados
Dithmenos
Elyvilon
Fedhas
Gozag
Hepliaklqana
Kikubaaqudgha
Makhleb
Nemelex Xobeh
Okawaru
Qazlal
Ru
Sif Muna
Trog
Uskayaw
Vehumet
Wu Jian
Xom
Yredelemnul
Zin
The Shining One
Beogh
Jiyva
Lugonu

Shops:
D *


Innate Abilities, Weirdness & Mutations

You cannot wear most types of armour.
You are very stealthy in the water. (Stealth+)
You are amphibious.
You can wear up to eight rings at the same time.
You can use your tentacles to constrict eight enemies at once.
Your skin changes colour to match your surroundings (Stealth+).
Your rubbery body absorbs attacks. (AC +1, EV +1)


Message History

Unknown command.
You hit the orc knight.
The orc knight is moderately wounded.
You constrict the orc knight.
The orc knight hits you with a +3 great mace!!
Unknown command.
Unknown command.
You feel much better.
You constrict the orc knight. You completely miss the orc knight.
You squeeze the orc knight.
The orc knight is moderately wounded.
You constrict the orc knight, but do no damage.
The orc knight hits you with a +3 great mace!!
* * * LOW HITPOINT WARNING * * *
You slice the orc knight!! You slash the orc knight!
The orc knight is severely wounded.
You constrict the orc knight.
The orc wizard casts a cantrip, but nothing happens.
The orc knight hits you with a +3 great mace!!!
You die...
Your body crumbles into a pile of gold.

▓▓▓ ▓ ▓ ♣.############$$
$$#$#$ ♣♣.#___#___#__#####$$#$
$ ♣..#..)#__.#)_#o.......$$
♣..###'#)###'##oo....o.
♣♣♣.#..........#oo.o.o.o$$
.♣♣.'.⌠........#o# $ $
≈♣♣.#...######'#o#$ $$ $$
....#.⌠.#__#...#@#############
....#...#__#...#$[§≈≈'.#()...+
....#)###__#...#.#§§§#.#(#...#
....#...#__#...'.#§§§#.#∩#...#
....#___#__'...#(#§§.#.(.#...#
▓▓▓▓▓▓▓▓▓▓▓▓▓▓▓▓▓▓▓▓▓▓▓▓▓▓▓▓▓#


You could see an orc knight, an orc priest (strong), an orc wizard (strong) and
4 orcs.

Vanquished Creatures
  Josephine (D)
  A centaur warrior (D)
  An orc knight (D)
  An orc sorcerer (D)
  A deep elf mage (D)
  A shadow (D)
  A spatial vortex (D)
  A necrophage (D)
  2 orc warriors (D)
  2 centaurs (D)
  An earth elemental (D)
  A water elemental (D)
  A scorpion (D)
  A jelly (D)
  A wizard (D)
  A necromancer (D)
  A kobold demonologist (D)
  3 humans (D)
  An ooze (D)
  4 orcs (D)
  3 rats (D)
30 creatures vanquished.

Notes
Turn   | Place    | Note
-------+----------+-------------------------------------------
     0 | D        | sahdkjhfkaj the Octopode Transmuter began the quest for the
                  | Orb.
     0 | D        | Reached XP level 1. HP: 13/13 MP: 3/3
    10 | D        | Reached skill level 4 in Unarmed Combat
   186 | D        | Reached XP level 2. HP: 18/18 MP: 3/5
   229 | D        | Reached skill level 6 in Unarmed Combat
   229 | D        | Reached XP level 3. HP: 18/23 MP: 4/6
   303 | D        | Noticed a scorpion
   316 | D        | Killed a scorpion
   316 | D        | Reached skill level 8 in Unarmed Combat
   316 | D        | Reached XP level 4. HP: 12/28 MP: 5/7
   598 | D        | Noticed a water elemental
   607 | D        | Killed a water elemental
   607 | D        | Reached XP level 5. HP: 14/33 MP: 6/8
   782 | D        | Learned a level 5 spell: Blade Hands
   933 | D        | Found a hide-covered altar of Uskayaw.
   933 | D        | Found a roughly hewn altar of Beogh.
   933 | D        | Found an iron altar of Okawaru.
   933 | D        | Found a bloodstained altar of Trog.
   933 | D        | Found an ornate altar of the Wu Jian Council.
   933 | D        | Noticed a human
   937 | D        | Noticed a human
   939 | D        | Killed a human
   939 | D        | Reached skill level 10 in Transmutations
   939 | D        | Reached XP level 6. HP: 32/38 MP: 3/9
   944 | D        | Killed a human
   990 | D        | Found a glowing silver altar of Zin.
   993 | D        | Noticed a deep elf mage
   994 | D        | Found a glowing golden altar of the Shining One.
   994 | D        | Found a white marble altar of Elyvilon.
   995 | D        | Killed a deep elf mage
   995 | D        | Reached skill level 5 in Dodging
   995 | D        | Reached skill level 9 in Unarmed Combat
   995 | D        | Reached XP level 7. HP: 49/49 MP: 4/10
  1142 | D        | Noticed a shadow
  1147 | D        | Killed a shadow
  1147 | D        | Reached skill level 5 in Fighting
  1147 | D        | Reached XP level 8. HP: 24/55 MP: 5/11
  1316 | D        | Found a blossoming altar of Fedhas.
  1316 | D        | Found a stormy altar of Qazlal.
  1316 | D        | Found a snail-covered altar of Cheibriados.
  1316 | D        | Found a burning altar of Makhleb.
  1316 | D        | Found a shimmering altar of Xom.
  1317 | D        | Found a hazy altar of Hepliaklqana.
  1317 | D        | Found an opulent altar of Gozag.
  1317 | D        | Found a sparkling altar of Nemelex Xobeh.
  1317 | D        | Found a corrupted altar of Lugonu.
  1317 | D        | Found a viscous altar of Jiyva.
  1324 | D        | Reached skill level 10 in Unarmed Combat
  1325 | D        | Became a worshipper of Gozag Ym Sagoz the Greedy
  1420 | D        | Found a radiant altar of Vehumet.
  1429 | D        | Found a shimmering blue altar of Sif Muna.
  1429 | D        | Found an ancient bone altar of Kikubaaqudgha.
  1476 | D        | Found a basalt altar of Yredelemnul.
  1476 | D        | Found a shadowy altar of Dithmenos.
  1476 | D        | Found a sacrificial altar of Ru.
  1521 | D        | Noticed Josephine
  1529 | D        | Killed Josephine
  1529 | D        | Reached skill level 11 in Unarmed Combat
  1529 | D        | Reached XP level 9. HP: 22/66 MP: 6/12
  1784 | D        | Noticed a centaur warrior
  1796 | D        | Killed a centaur warrior
  1796 | D        | Reached skill level 10 in Dodging
  1796 | D        | Reached skill level 12 in Unarmed Combat
  2075 | D        | Bought a coiled marble ring for 150 gold pieces
  2075 | D        | Identified the ring "Visakupt" {rN++ Dex+6} (You bought it
                  | in a shop in the Dungeon)
  2091 | D        | Noticed an orc sorcerer
  2095 | D        | Killed an orc sorcerer
  2095 | D        | Reached skill level 10 in Fighting
  2095 | D        | Reached XP level 10. HP: 76/76 MP: 8/13
  2110 | D        | Noticed an orc knight
  2112 | D        | Noticed an orc knight
  2122 | D        | Killed an orc knight
  2122 | D        | Reached skill level 13 in Unarmed Combat
  2134 | D        | Demolished by an orc knight

Illustrated notes

Levels and vault maps discovered:
D:        dungeon_sprint_mu [sprint_mu_entry_forest, sprint_mu_temple_rooms,
          sprint_mu_d1_horrors, sprint_mu_d2_genie, sprint_mu_d3_branching,
          sprint_mu_orc_legion, sprint_mu_elf_gauntlet, sprint_mu_hive_nellie,
          sprint_mu_lair_fedhas, sprint_mu_vaults_butterflies,
          sprint_mu_slime_circle, sprint_mu_shoals_kraken,
          sprint_mu_snake_twists, sprint_mu_blade_basic, sprint_mu_crypt_lich,
          sprint_mu_tomb_spiral, sprint_mu_vestibule_basic,
          sprint_mu_gehenna_hellfire, sprint_mu_dis_giant,
          sprint_mu_tartarus_statrot, sprint_mu_cocytus_islands, sprint_mu_zot1]

Skill      XL: |  1  2  3  4  5  6  7  8  9 10 |
---------------+-------------------------------+-----
Unarmed Combat | 4 6 8 9 11 12 13 | 13.0
Transmutations | 3 6 10 12 | 12.2
Fighting       | 4 5 8 10 | 10.6
Dodging        | 5 6 9 10 11 | 11.3
Spellcasting   | |  2.0

Action                   |  1- 3 |  4- 6 |  7- 9 | 10-12 || total
-------------------------+-------+-------+-------+-------++-------
Melee: Unarmed           |    25 |    16 |    42 |    19 ||   102
       Tentacles         |     6 |     2 |     6 |     2 ||    16
       Constrict         |     3 |     2 |     5 |     3 ||    13
       Kick              |     8 |     3 |       |       ||    11
       Punch             |       |     1 |     3 |     2 ||     6
 Cast: Beastly Appendage |     3 |     1 |       |       ||     4
       Blade Hands       |       |     2 |     9 |     1 ||    12
Invok: Call Merchant     |       |       |     1 |       ||     1
  Use: Scroll            |       |     4 |       |       ||     4
       Potion            |       |       |     1 |     1 ||     2
 Stab: Sleeping          |     3 |     1 |       |       ||     4
Armor: Skin              |     1 |       |       |       ||     1
Dodge: Dodged            |    10 |     8 |    21 |     8 ||    47

Table legend: (Time is in decaauts)
 A = Elapsed time spent in this place.
 B = Non-inter-level travel time spent in this place.
 C = Inter-level travel time spent in this place.
 D = Time resting spent in this place.
 E = Time spent auto-exploring this place.
 F = Levels seen in this place.
 G = Mean time per level.
                   A        B        C        D        E       F      G
               +--------+--------+--------+--------+--------+-----+--------+
         Total |   2115 |   2098 |     17 |   1582 |    199 |   1 | 2115.0 |
       Dungeon |   2115 |   2098 |     17 |   1582 |    199 |   1 | 2115.0 |
               +--------+--------+--------+--------+--------+-----+--------+

Top non-repeatable levels by time:
       D: 2115 daAuts
